 Dungeon Crawl Stone Soup version 0.29-a0-973-gac7da5f7f0 (webtiles) character file.

Game seed: 16602735851906850593

65 RBrandon the Trooper (level 3, -2/49 HPs)
             Began as a Draconian Abyssal Knight on July 31, 2022.
             Was a Priest of Lugonu.
             Succumbed to Crazy Yiuf's poison
             ... on level 2 of the Dungeon.
             The game lasted 00:02:55 (1578 turns).

RBrandon the Trooper (Draconian Abyssal Knight)     Turns: 1578, Time: 00:02:56

Health: -2/49      AC:  5    Str: 15    XL:     3   Next: 92%
Magic:  5/5        EV: 12    Int: 10    God:    Lugonu [***...]
Gold:   38         SH:  0    Dex: 13    Spells: 2/2 levels left

rFire   . . .      SeeInvis .   g - +0 trident
rCold   . . .      Faith    .   (no shield)
rNeg    . . .      Spirit   .   (body armour unavailable)
rPois   .          Reflect  .   (helmet restricted)
rElec   .          Harm     .   (no cloak)
rCorr   .          Rampage  .   (no gloves)
Will    .....                   (no boots)
Stlth   ..........              (no amulet)
HPRegen 0.16/turn               (no ring)
MPRegen 0.09/turn               (no ring)

@: berserking, lethally poisoned (-2 -> -22), invisible, very quick
A: AC +5, unfitting armour, cold-blooded
a: Renounce Religion, Depart the Abyss, Bend Space, Banish


You were on level 2 of the Dungeon.
You worshipped Lugonu.
Lugonu was most pleased with you.
You visited 1 branch of the dungeon, and saw 2 of its levels.
You visited the Abyss 1 time.

You collected 38 gold pieces.

Inventory:

Hand Weapons
 a - a +1 falchion
 g - a +0 trident (weapon)
Missiles
 d - 23 stones
Scrolls
 b - a scroll of magic mapping {unknown}
 e - a scroll of torment {unknown}
 f - a scroll of identify {unknown}
 h - a scroll of blinking {unknown}


   Skills:
 - Level 3.7 Fighting
 - Level 2.0 Long Blades
 - Level 2.6 Dodging
 + Level 3.7 Invocations


You had 2 spell levels left.
You didn't know any spells.
Your spell library was empty.

Dungeon Overview and Level Annotations

Branches:
Dungeon (2/15)

Altars:

Annotations:
D:2 exclusion: adder


Innate Abilities, Weirdness & Mutations

Your plain brown scales are hard. (AC +5)
You cannot fit into any form of body armour.
You are cold-blooded and may be slowed by cold attacks.


Message History

You hit the fungus. You tail-slap the fungus.
The fungus is lightly damaged.
A nearby fungus withers and dies.
Found a hammer.
Found a runed translucent door.
You fade into invisibility!
You open the door.
Crazy Yiuf shouts!
Crazy Yiuf shouts!
Crazy Yiuf yells, "Key aubergine horse!"
There is an open translucent door here.
You puncture Crazy Yiuf!
Crazy Yiuf is heavily wounded.
Crazy Yiuf cries, "Buddy disdain bag!"
Crazy Yiuf closely misses you. Crazy Yiuf barely misses you.
You hit Crazy Yiuf.
Crazy Yiuf is almost dead.
Crazy Yiuf hits you with a +4 quarterstaff of chaos!
Crazy Yiuf burns you.
You barely miss Crazy Yiuf.
Crazy Yiuf is almost dead.
Crazy Yiuf misses you.
You hit Crazy Yiuf.
You tail-slap Crazy Yiuf, but do no damage.
Crazy Yiuf is almost dead.
Crazy Yiuf says, "Papa infinity wrapper!"
Crazy Yiuf hits you with a +4 quarterstaff of chaos!
* * * LOW HITPOINT WARNING * * *
You are lethally poisoned!
Crazy Yiuf grits, "Island!
Line chair poople."
Crazy Yiuf closely misses you.
You hit Crazy Yiuf.
You kill Crazy Yiuf!
Lugonu accepts your kill.
* * * LOW HITPOINT WARNING * * *
You feel extremely sick.
Your Invocations skill increases to level 3!
It was a potion of berserk rage.
A red film seems to cover your vision as you go berserk!
You feel yourself moving faster!
You feel mighty!
You die...

#####
#..)#
#...#
#.).#
#####
#@#
#...#
♣♣.♣
#...#
♣.♣♣
#...#
♣♣.♣
#...#
♣.♣♣
###<..#
♣♣.♣♣
#.)...#
♣..P♣♣
##.....#
♣.PPP♣
#......#
..#
#....#
#......#


There were no monsters in sight!

Vanquished Creatures
  Crazy Yiuf (D:2)
  2 dart slugs (D:2)
  An endoplasm (D:2)
  A goblin (D:1)
  5 hobgoblins
  4 quokkas
  3 ball pythons
  4 bats
  2 frilled lizards (D:1)
  4 kobolds
  5 rats (D:1)
32 creatures vanquished.

Vanquished Creatures (others)
  A fungus (D:2)
1 creature vanquished.

Grand Total: 33 creatures vanquished

Notes
Turn   | Place    | Note
-------+----------+-------------------------------------------
     0 | Abyss:1  | RBrandon the Draconian Abyssal Knight began the quest for
                  | the Orb.
     0 | Abyss:1  | Reached XP level 1. HP: 19/19 MP: 2/2
     1 | D:1      | Escaped the Abyss
    10 | D:1      | Noticed an electric eel
   583 | D:1      | Reached XP level 2. HP: 22/26 MP: 3/3
  1163 | D:2      | Found a faded altar of an unknown god.
  1271 | D:1      | Reached *** piety under Lugonu
  1338 | D:2      | Reached XP level 3. HP: 20/33 MP: 3/5
  1566 | D:2      | Found a runed translucent door.
  1568 | D:2      | Noticed Crazy Yiuf
  1577 | D:2      | Killed Crazy Yiuf
  1578 | D:2      | Succumbed to Crazy Yiuf's poison

Illustrated notes

Levels and vault maps discovered:
D:1:      arrival_aquarium_a, layout_basic
D:2:      layout_rooms, serial_shops, nicolae_shop_trees,
          shapermc_ecumenical_altar_totnotflames, serial_glass, glass_columns_c,
          glass_columns_b, uniq_crazy_yiuf_cottage

Skill      XL: |  1  2  3 |
---------------+----------+-----
Invocations    | 3 |  3.7
Fighting       | |  3.7
Long Blades    | |  2.0
Dodging        | |  2.6

Action                   || total
-------------------------++-------
Melee: Falchion          ||    33
       Trident           ||    87
       Tailslap          ||    19
Invok: Bend Space        ||     1
  Use: Potion            ||     3
 Stab: Invisible         ||     3
       Sleeping          ||     1
Armor: Skin              ||    35
Dodge: Dodged            ||    84

Table legend: (Time is in decaauts)
 A = Elapsed time spent in this place.
 B = Non-inter-level travel time spent in this place.
 C = Inter-level travel time spent in this place.
 D = Time resting spent in this place.
 E = Time spent auto-exploring this place.
 F = Levels seen in this place.
 G = Mean time per level.
                   A        B        C        D        E       F      G
               +--------+--------+--------+--------+--------+-----+--------+
         Total |   1609 |   1534 |     75 |      5 |   1165 |   3 |  536.3 |
       Dungeon |   1608 |   1533 |     75 |      5 |   1165 |   2 |  804.0 |
         Abyss |      1 |      1 |      0 |      0 |      0 |   1 |    1.0 |
               +--------+--------+--------+--------+--------+-----+--------+

Top non-repeatable levels by time:
     D:1: 1225 daAuts
     D:2: 383 daAuts
 Abyss:1: 1 daAuts

Table legend:
 A = Kills in this place as a percentage of kills in entire the game.
 B = Kills by you in this place as a percentage of kills by you in the entire game.
 C = Kills by friends in this place as a percentage of kills by friends in the entire game.
 D = Other kills in this place as a percentage of other kills in the entire game.
 E = Experience gained in this place as a percentage of experience gained in the entire game.
 F = Experience gained in this place divided by the number of levels of this place that you have seen.
                   A       B       C       D       E      F
               +-------+-------+-------+-------+-------+----------------------
         Total | 100.0 | 100.0 |   N/A |   N/A | 100.0 |  31.0
       Dungeon | 100.0 | 100.0 |   N/A |   N/A | 100.0 |  46.5
               +-------+-------+-------+-------+-------+----------------------
